 Dungeon Crawl Stone Soup version 0.22.0-38-g04b72b8 (webtiles) character file.

793 Starchild the Slicer (level 8, -2/44 HPs)
             Began as a Kobold Warper on Aug 31, 2018.
             Slain by a gnoll
             ... wielding a +0 flail
              (5 damage)
             ... on level 6 of the Dungeon.
             The game lasted 00:25:34 (7850 turns).

Starchild the Slicer (Kobold Warper)                Turns: 7850, Time: 00:25:35

Health: -2/44      AC:  5    Str:  8    XL:     8   Next: 12%
Magic:  11/11      EV: 15    Int: 18    God:
Gold:   231        SH:  0    Dex: 17    Spells: 3/11 levels left

rFire    + . .     SeeInvis .   t - +1 short sword of Tenacity {pierce, Int+4}
rCold    . . .     Gourm    .   (shield restricted)
rNeg     . . .     Faith    .   j - +2 robe {rF+}
rPois    .         Spirit   .   (no helmet)
rElec    .         Reflect  .   (no cloak)
rCorr    .         Harm     .   (no gloves)
MR       .....                  n - +0 pair of boots
Stlth    ++........             (no amulet)
HPRegen  0.14/turn              (no ring)
MPRegen  0.12/turn              (no ring)

@: no status effects
A: small, carnivore
a: no special abilities


You were on level 6 of the Dungeon.
You were not hungry.

You visited 1 branch of the dungeon, and saw 6 of its levels.

You collected 231 gold pieces.

Inventory:

Hand Weapons
 a - a +0 short sword
 t - the +1 short sword of Tenacity (weapon) {pierce, Int+4}
   (You found it on level 4 of the Dungeon)

   It inflicts extra damage upon your enemies.
   It affects your intelligence (+4).
Missiles
 e - 3 tomahawks of dispersal
 g - 77 stones
 o - 5 tomahawks (quivered)
Armour
 b - a +0 leather armour
 j - a +2 robe of fire resistance (worn)
 n - a +0 pair of boots (worn)
Scrolls
 c - a scroll of teleportation
 d - 2 scrolls of blinking
 r - a scroll of fog {unknown}
 u - a scroll of summoning {unknown}
 v - 3 scrolls of identify
Potions
 h - 3 potions of agility
 i - a potion of lignification {unknown}
 k - a potion of cancellation {unknown}
 l - a potion of mutation {unknown}
 m - a potion of berserk rage {unknown}
 p - 2 potions of flight {unknown}
 q - 2 potions of might {unknown}
 s - a potion of curing
Comestibles
 f - 3 rations


   Skills:
 - Level 2.1 Fighting
 + Level 8.7 Short Blades
 - Level 1.1 Throwing
 - Level 0.7 Armour
 - Level 2.4 Dodging
 - Level 2.1 Spellcasting
 - Level 6.4 Translocations


You had 3 spell levels left.
You knew the following spells:

 Your Spells              Type           Power        Failure   Level  Hunger
a - Blink                 Tloc           N/A          1%          2    ###....
b - Teleport Other        Tloc           ####....     3%          3    ###....
c - Gell's Gravitas       Tloc           ####......   3%          3    ###....

Your spell library contained the following spells:

 Spells                   Type           Power        Failure   Level  Hunger
 Lesser Beckoning         Tloc           ####......   3%          3    ###....
 Shroud of Golubria       Chrm/Tloc      ##........   7%          2    ###....
 Passage of Golubria      Tloc           N/A          13%         4    #####..


Dungeon Overview and Level Annotations

Branches:
Dungeon (6/15)
 Temple: D:4-7

Altars:
Gozag
Hepliaklqana
Okawaru
Trog
Zin


Innate Abilities, Weirdness & Mutations

You are small and have problems with some larger weapons.
You are carnivorous and can eat meat at any time.


Message History

The gnoll sergeant completely misses you.
You hit the gnoll sergeant but do no damage.
The gnoll sergeant is severely wounded.
The gnoll sergeant hits you with a vampiric spear!
The gnoll sergeant draws strength from your wounds!
You puncture the gnoll sergeant!
You kill the gnoll sergeant!
The gnoll hits you with a flail!
* * * LOW HITPOINT WARNING * * *
Items here: $ )) [ a vampiric spear; a ring mail; 17 gold pieces; a giant club You hit the gnoll.
The gnoll is lightly wounded.
The gnoll barely misses you.
You hit the gnoll.
The gnoll is heavily wounded.
You hit the gnoll.
The gnoll is severely wounded.
The gnoll hits you with a flail.
You die...

#.# ....
#####....
........#
#######.....#
............#
#.###.#
#######†#<#.#
#<@g..#.....#
#####.#.#...####
#####.#†(.......
#..........#####
........#....#.#
..#.######.....#
# #.g.S#...#
#.######## ..


You could see a gnoll.

Vanquished Creatures
  A phantom (D:5)
  2 ogres
  A gnoll sergeant (D:6)
  A bullfrog zombie (D:5)
  An orc priest (D:4)
  3 orc wizards
  5 worker ants
  5 gnolls
  5 adders
  A shadow imp (D:4)
  2 oozes (D:4)
  2 worms
  A dart slug (D:2)
  3 leopard geckos
  12 orcs
  7 bats
  4 giant cockroaches
  6 hobgoblins
  6 jackals (D:1)
  6 kobolds
  A quokka (D:4)
  3 ball pythons
  4 frilled lizards
  5 goblins
  9 rats
96 creatures vanquished.

Notes
Turn   | Place    | Note
-------+----------+-------------------------------------------
     0 | D:1      | Starchild the Kobold Warper began the quest for the Orb.
     0 | D:1      | Reached XP level 1. HP: 12/12 MP: 3/3
   139 | D:1      | Reached skill level 3 in Short Blades
   381 | D:1      | Reached XP level 2. HP: 17/17 MP: 5/5
   640 | D:1      | Reached skill level 4 in Short Blades
   846 | D:1      | Learned a level 2 spell: Blink
  1273 | D:1      | Reached XP level 3. HP: 15/21 MP: 6/6
  1684 | D:2      | Reached XP level 4. HP: 26/26 MP: 7/7
  2175 | D:3      | Learned a level 3 spell: Teleport Other
  3177 | D:3      | Reached XP level 5. HP: 30/30 MP: 8/8
  3239 | D:3      | Learned a level 3 spell: Gell's Gravitas
  3367 | D:4      | Noticed a phantom
  3396 | D:4      | Found a hazy altar of Hepliaklqana.
  3754 | D:4      | Reached skill level 5 in Translocations
  4011 | D:4      | HP: 1/30 [orc wizard/magic dart (4)]
  4280 | D:4      | Got a blackened short sword
  4285 | D:4      | Identified the cursed +1 short sword of Tenacity {pierce, Int+4} (You found it on level 4 of the Dungeon)
  4568 | D:4      | Reached XP level 6. HP: 19/35 MP: 9/9
  5300 | D:4      | Found an iron altar of Okawaru.
  5302 | D:4      | Found an opulent altar of Gozag.
  5414 | D:5      | Entered Level 5 of the Dungeon
  5828 | D:5      | Reached skill level 5 in Short Blades
  5828 | D:5      | Reached XP level 7. HP: 8/40 MP: 10/10
  6090 | D:5      | Reached skill level 6 in Short Blades
  6597 | D:5      | Reached skill level 7 in Short Blades
  7180 | D:4      | Found a bloodstained altar of Trog.
  7180 | D:4      | Found a glowing silver altar of Zin.
  7498 | D:6      | Reached skill level 8 in Short Blades
  7527 | D:6      | Reached XP level 8. HP: 20/44 MP: 11/11
  7850 | D:6      | Slain by a gnoll

Skill      XL: |  1  2  3  4  5  6  7 |
---------------+----------------------+-----
Short Blades   | 3 4 5 8 |  8.7
Translocations | 4 5 6 |  6.4
Fighting       | |  2.1
Throwing       | |  1.1
Armour         | |  0.7
Dodging        | |  2.4
Spellcasting   | |  2.1

Action                   |  1- 3 |  4- 6 |  7- 9 || total
-------------------------+-------+-------+-------++-------
Melee: Short sword       |   166 |   285 |   131 ||   582
Throw: Tomahawk          |     6 |    26 |    17 ||    49
       Stone             |       |     3 |    10 ||    13
 Cast: Teleport Other    |       |       |     1 ||     1
  Use: Scroll            |       |     5 |       ||     5
       Potion            |       |     5 |       ||     5
 Stab: Sleeping          |     1 |     2 |       ||     3
  Eat: Chunk             |     4 |     9 |     8 ||    21
       Ration            |       |     1 |     1 ||     2
Armor: Leather armour    |    33 |    42 |       ||    75
       Robe              |       |       |     6 ||     6
Dodge: Dodged            |   123 |   150 |    65 ||   338
